 Dungeon Crawl Stone Soup version 0.18-a0-1285-g60d00e1 (webtiles) character file.

121 Duffy the Caller (level 4, -3/24 HPs)
             Began as a Deep Elf Summoner on Feb 8, 2016.
             Slain by an adder (5 damage)
             ... on level 3 of the Dungeon.
             The game lasted 00:02:50 (2747 turns).

Duffy the Caller (Deep Elf Summoner)                Turns: 2747, Time: 00:02:50

Health: -3/24      AC:  8    Str:  2    XL:     4   Next: 76%
Magic:  13/13      EV: 13    Int: 21    God:
Gold:   149        SH:  0    Dex: 15    Spells: 3 memorised, 7 levels left

rFire  . . .     SeeInvis .     g - +1 short sword (protect)
rCold  . . .     Gourm    .     a - +0 robe
rNeg   . . .     Faith    +     (no shield)
rPois  .         Spirit   .     A - +0 helmet
rElec  .         Dismiss  .     (no cloak)
rCorr  .         Reflect  .     (no gloves)
SustAt .         Harm     .     (no boots)
MR     .....                    y - amulet of faith
Stlth  ++........               (no ring)
                                p - -3 ring of strength (curse)

@: lethally poisoned (-3 -> -13), not resistant to hostile enchantments,
unstealthy
A: no striking features
a: no special abilities


You were on level 3 of the Dungeon.
You were not hungry.

You visited 1 branch of the dungeon, and saw 3 of its levels.

You collected 149 gold pieces.


   Skills:
 - Level 2.4 Dodging
 - Level 2.4 Stealth
 + Level 5.1 Spellcasting
 + Level 5.7 Summonings


You had 7 spell levels left.
You knew the following spells:

 Your Spells              Type           Power        Failure   Level  Hunger
a - Summon Small Mammal   Summ           ####         1%          1    None
i - Call Imp              Summ           ####....     1%          2    None
n - Call Canine Familiar  Summ           ####....     2%          3    ##.....

Inventory:

Hand Weapons
 g - a +1 short sword of protection (weapon)
Missiles
 d - 8 poisoned needles
 i - 164 stones (quivered)
 k - 7 javelins
Armour
 a - a +0 robe (worn)
 A - a +0 helmet (worn)
Jewellery
 p - a cursed -3 ring of strength (left hand)
 y - an amulet of faith (around neck)
Scrolls
 e - 2 scrolls of identify {unknown}
 m - a scroll of blinking {unknown}
 n - a scroll of fog {unknown}
 q - a scroll of remove curse {unknown}
 s - a scroll of amnesia {unknown}
 x - a scroll of magic mapping {unknown}
 z - 2 scrolls of teleportation {unknown}
Potions
 f - 2 potions of lignification {unknown}
 h - a potion of haste {unknown}
 j - a potion of heal wounds {unknown}
 l - a potion of flight {unknown}
 o - a potion of cure mutation {unknown}
 r - a potion of beneficial mutation {unknown}
 t - a potion of brilliance {unknown}
 u - 2 potions of cancellation {unknown}
 B - a potion of mutation {unknown}
Books
 b - a book of Callings
Comestibles
 c - a bread ration
 v - 5 fruits
 w - 2 meat rations
 C - 2 chunks of flesh

Dungeon Overview and Level Annotations

Branches:
Dungeon (3/15)

Altars:


Message History

You are too injured to fight recklessly!
You are too injured to fight recklessly!
You are too injured to fight recklessly!
You are too injured to fight recklessly!
You are too injured to fight recklessly!
You are too injured to fight recklessly!
You closely miss the adder.
The adder is heavily wounded.
You feel sick. The adder barely misses you.
You hit the adder.
The adder is almost dead.
You feel sick. The adder closely misses you. The adder barely misses you.
You closely miss the adder.
The adder is almost dead.
You feel sick. The adder bites you.
You are more poisoned.
The adder poisons you!
You hit the adder.
The adder is almost dead.
You feel sick. The adder bites you but does no damage.
The adder barely misses you.
You closely miss the adder.
The adder is almost dead.
You feel sick. The adder bites you but does no damage.
You miss the adder.
The adder is almost dead.
You feel sick. The adder bites you but does no damage.
You hit the adder.
The adder is almost dead.
You feel sick. The adder bites you but does no damage.
The adder closely misses you.
You barely miss the adder.
The adder is almost dead.
You feel sick. The adder bites you.
You die...

####### ######
########.....###....#############
.................................
...#####.....###....#######.##.#.
....<..........#@S..#######.##.#.
.....#.#.....#.#.........##.##.#.
#.##.#.#.....#...........##.##.#.
#.##.#.########..........#.....#.
#.##.#.########..#.......#..####.
...#.#............###.#'##..# #.
...#.######.......# #.......# #.
...#.# #........# #.......# #.
#.##.# #.....[..# #.......# ##


You could see an adder.

Action                   |  1- 3 |  4- 6 || total
-------------------------+-------+-------++-------
Melee: Short sword       |   163 |    60 ||   223
 Cast: Summon Small Mamm |    23 |       ||    23
       Call Imp          |     3 |     2 ||     5
       Call Canine Famil |     2 |     1 ||     3
 Stab: Sleeping          |     1 |     1 ||     2
       Distracted        |       |     1 ||     1
  Eat: Chunk             |     4 |     2 ||     6

Notes
Turn   | Place    | Note
--------------------------------------------------------------
     0 | D:1      | Duffy the Deep Elf Summoner began the quest for the Orb.
     0 | D:1      | Reached XP level 1. HP: 10/10 MP: 6/6
   139 | D:1      | Reached XP level 2. HP: 15/15 MP: 1/8
   213 | D:1      | Learned a level 2 spell: Call Imp
   698 | D:1      | Reached skill level 5 in Summonings
   868 | D:1      | Reached XP level 3. HP: 13/19 MP: 10/10
   875 | D:1      | Reached skill level 4 in Spellcasting
  1526 | D:2      | Learned a level 3 spell: Call Canine Familiar
  1996 | D:3      | Reached XP level 4. HP: 18/24 MP: 1/12
  2347 | D:3      | Reached skill level 5 in Spellcasting
  2350 | D:3      | Noticed Robin
  2370 | D:3      | Killed Robin
  2747 | D:3      | Slain by an adder

Vault maps used:
D:1:      saegor_arrival_fortress
D:2:      grunt_temple_overflow_order_and_chaos_1, grunt_gozag_breadcrumbs,
          uniq_natasha
D:3:      first_bread, corexii_item_surrounded_by_moat, uniq_robin

Vanquished Creatures
  Robin
  4 gnolls
  4 adders
  An adder zombie
  An ooze
  A giant gecko
  7 bats
  A bat zombie
  5 giant cockroaches
  8 hobgoblins
  6 jackals
  8 kobolds
  11 goblins
  5 rats
63 creatures vanquished.
